 Dungeon Crawl Stone Soup version 0.30.1-3-gfc49f6343a (webtiles) character file.

Game seed: 7091290342457827005

55 sampeng1 the Chopper (level 3, 0/35 HPs)
             Began as a Gnoll Cinder Acolyte on July 27, 2023.
             Was a High Priest of Ignis.
             Slain by a hobgoblin (1 damage)
             ... on level 3 of the Dungeon.
             The game lasted 00:09:07 (1926 turns).

sampeng1 the Chopper (Gnoll Cinder Acolyte)         Turns: 1926, Time: 00:09:07

Health: 0/35       AC:  3    Str: 13    XL:     3   Next: 93%
Magic:  7/7        EV: 11    Int: 15    God:    Ignis [*****.]
Gold:   87         SH:  0    Dex:  7    Spells: 5/7 levels left

rFire   + . .        a - -1 hand axe (flame)
rCold   . . .        (no shield)
rNeg    . . .        b - +0 robe
rPois   .            (no helmet)
rElec   .            (no cloak)
rCorr   .            (no gloves)
SInv    .            j - +0 pair of boots
Will    +....        k - amulet of magic regeneration
Stlth   +            o - ring of willpower
HPRegen 0.25/turn    (no ring)
MPRegen 0.50/turn

%: no passive effects
@: no status effects
A: fangs 1, strong nose, distributed training
a: Renounce Religion, Fiery Armour, Foxfire Swarm, Rising Flame


You were on level 3 of the Dungeon.
You worshipped Ignis.
Ignis was extremely pleased with you.
You visited 1 branch of the dungeon, and saw 3 of its levels.

You collected 87 gold pieces.

Inventory:

Hand Weapons
 a - a -1 hand axe of flaming (weapon)
 g - a +0 war axe
Missiles
 d - 16 stones (quivered)
 h - 3 poisoned darts
 n - 5 silver javelins
Armour
 b - a +0 robe (worn)
 j - a +0 pair of boots (worn)
Jewellery
 k - an amulet of magic regeneration (around neck)
 o - a ring of willpower (left hand)
Potions
 c - a potion of flight
 f - a potion of resistance
 m - 3 potions of lignification


   Skills:
 + Level 6.5 Fighting
 + Level 1.0 Short Blades
 + Level 1.0 Long Blades
 + Level 6.5 Axes
 + Level 1.0 Maces & Flails
 + Level 1.0 Polearms
 + Level 1.0 Staves
 + Level 1.0 Ranged Weapons
 + Level 1.0 Throwing
 + Level 1.0 Armour
 + Level 1.0 Dodging
 + Level 1.0 Stealth
 + Level 1.0 Shields
 + Level 1.0 Unarmed Combat
 + Level 2.9 Spellcasting
 + Level 0.7 Conjurations
 + Level 0.7 Hexes
 + Level 0.7 Summonings
 + Level 0.7 Necromancy
 + Level 0.7 Translocations
 + Level 0.7 Transmutations
 + Level 5.4 Fire Magic
 + Level 0.7 Ice Magic
 + Level 0.7 Air Magic
 + Level 0.7 Earth Magic
 + Level 0.7 Poison Magic
 + Level 1.1 Invocations
 + Level 1.0 Evocations


You had 5 spell levels left.
You knew the following spells:

 Your Spells              Type           Power      Damage    Failure   Level
a - Scorch                Fire           36%        2d6       3%          2

Your spell library contained the following spells:

 Spells                   Type           Power      Damage    Failure   Level
 Flame Wave               Conj/Fire      11%        2d6       50%         4
 Summon Cactus Giant      Summ           2%         N/A       100%        6


Dungeon Overview and Level Annotations

Branches:
Dungeon (3/15)

Altars:

Shops:
D:2 (   D:3 [

Annotations:
D:3 Natasha


Innate Abilities, Weirdness & Mutations

You have very sharp teeth.
Your uncanny sense of smell can sniff out nearby items.
Your experience applies equally to all skills.


Message History

The cerulean imp hits you from afar with a +0 spear.
The cerulean imp hits you from afar with a +2 spear.
You hit the bat. You burn the bat.
The bat is severely wounded.
You hit Natasha. You burn Natasha. The bat closely misses you. x2
Natasha stares at you and mumbles some strange words.
The magic dart hits you. The bat hits you but does no damage.
The cerulean imp hits you from afar with a +0 spear.
You miss the bat.
The bat is severely wounded.
You barely miss Natasha. The bat misses you.
The cerulean imp hits you from afar with a +2 spear.
Natasha claws you.
The cerulean imp hits you from afar with a +0 spear.
* * * LOW HITPOINT WARNING * * *
You closely miss the bat.
The bat is severely wounded.
You hit Natasha but do no damage. The bat barely misses you.
The cerulean imp barely misses you. Natasha claws you but does no damage.
The cerulean imp hits you from afar with a +0 spear.
* * * LOW HITPOINT WARNING * * *
You closely miss the hobgoblin.
The hobgoblin is heavily wounded.
You barely miss Natasha. The cerulean imp barely misses you.
The hobgoblin barely misses you. Natasha completely misses you.
The bat hits you but does no damage. The cerulean imp barely misses you.
You closely miss the hobgoblin.
The hobgoblin is heavily wounded.
You barely miss Natasha. You hit the bat but do no damage.
The bat hits you but does no damage.
The cerulean imp hits you from afar with a +2 spear.
* * * LOW HITPOINT WARNING * * *
The hobgoblin hits you.
* * * LOW HITPOINT WARNING * * *
Natasha closely misses you. The cerulean imp closely misses you.
You barely miss the hobgoblin.
The hobgoblin is heavily wounded.
You barely miss Natasha. The bat completely misses you.
The cerulean imp barely misses you. The hobgoblin hits you.
You die...

...#.........##....# *,,,,,,,,,*
...##.#............# *********,,
...##.###.......#### *#~~~~** ***
......###.>.....##.###~~~~~~***,*
................##........~~,,,,*
.....####.......##.........~~,,,*
##...# #.......##.....~~..,,~,,*
#...####.......##....~..~~,,~,,,
##.............b@#....~....~~,,,,
................gh55†..~~⌠.,,,,,,
.............####.5.....⌠~~,,,,,,
.............# ##...~~....~,,,,,
.............# #..~..~~..~,,,,*
####.........# #..~....~~,,,,,*
########### #...~~....,,,,,*
#....~~...,,,,,, #.###~~~~~~***,,


You could see Natasha, 3 cerulean imps, a hobgoblin and a bat.

Vanquished Creatures
  An adder (D:2)
  A dart slug (D:3)
  An orc (D:3)
  7 endoplasms
  4 goblins
  6 hobgoblins
  3 quokkas
  9 ball pythons
  A bat (D:3)
  A frilled lizard (D:1)
  4 kobolds
  5 rats
43 creatures vanquished.

Notes
Turn   | Place    | Note
-------+----------+-------------------------------------------
     0 | D:1      | sampeng1 the Gnoll Cinder Acolyte began the quest for the
                  | Orb.
     0 | D:1      | Reached XP level 1. HP: 23/23 MP: 4/4
   117 | D:1      | Reached XP level 2. HP: 29/29 MP: 5/5
   954 | D:2      | Reached XP level 3. HP: 25/35 MP: 7/7
   957 | D:2      | Learned a level 2 spell: Scorch
  1145 | D:2      | Reached skill level 1 in Invocations
  1405 | D:2      | Found Yfaq's Weapon Shoppe.
  1739 | D:3      | Reached skill level 1 in Short Blades
  1739 | D:3      | Reached skill level 1 in Long Blades
  1739 | D:3      | Reached skill level 1 in Maces & Flails
  1739 | D:3      | Reached skill level 1 in Polearms
  1739 | D:3      | Reached skill level 1 in Staves
  1739 | D:3      | Reached skill level 1 in Ranged Weapons
  1739 | D:3      | Reached skill level 1 in Throwing
  1739 | D:3      | Reached skill level 1 in Armour
  1739 | D:3      | Reached skill level 1 in Dodging
  1739 | D:3      | Reached skill level 1 in Stealth
  1739 | D:3      | Reached skill level 1 in Shields
  1739 | D:3      | Reached skill level 1 in Unarmed Combat
  1739 | D:3      | Reached skill level 1 in Evocations
  1844 | D:3      | Found Gegas's Antique Armour Boutique.
  1907 | D:3      | Noticed Natasha
  1925 | D:3      | HP: 1/35 [hobgoblin (2)]
  1926 | D:3      | Slain by a hobgoblin

Illustrated notes

Levels and vault maps discovered:
D:1:      ldierk_walled_garden_2, layout_basic
D:2:      layout_basic, serial_shops, nicolae_shop_back_alley_shop
D:3:      cheibrodos_helix_gallery, layout_basic, gammafunk_ghost_mausoleum,
          serial_shops, nicolae_shop_overgrown_old_shop,
          hangedman_decor_diamond_cutter, uniq_natasha

Skill      XL: |  1  2  3 |
---------------+----------+-----
Invocations    | 1 |  1.1
Short Blades   | 1 |  1.0
Long Blades    | 1 |  1.0
Maces & Flails | 1 |  1.0
Polearms       | 1 |  1.0
Staves         | 1 |  1.0
Ranged Weapons | 1 |  1.0
Throwing       | 1 |  1.0
Armour         | 1 |  1.0
Dodging        | 1 |  1.0
Stealth        | 1 |  1.0
Shields        | 1 |  1.0
Unarmed Combat | 1 |  1.0
Evocations     | 1 |  1.0
Fighting       | |  6.5
Axes           | |  6.5
Spellcasting   | |  2.9
Conjurations   | |  0.7
Hexes          | |  0.7
Summonings     | |  0.7
Necromancy     | |  0.7
Translocations | |  0.7
Transmutations | |  0.7
Fire Magic     | |  5.4
Ice Magic      | |  0.7
Air Magic      | |  0.7
Earth Magic    | |  0.7
Poison Magic   | |  0.7

Action                     || total
---------------------------++-------
  Melee: Hand axe          ||   115
         Bite              ||     5
         Punch             ||     3
   Cast: Scorch            ||     7
    Use: Scroll            ||     6
         Potion            ||     4
 Armour: Robe              ||    25
  Dodge: Dodged            ||    82
